[Event "German Bundesliga 2021-22"]
[Site "Germany"]
[Date "2022.04.10"]
[Round "4.4"]
[White "Dardha, Daniel"]
[Black "Rozentalis, Eduardas"]
[Result "0-1"]
[ECO "E11"]
[WhiteElo "2541"]
[BlackElo "2542"]
[Annotator "TA"]
[PlyCount "110"]
[EventDate "2022.03.05"]
[EventType "team-tourn"]
[EventCountry "GER"]
[SourceTitle "playchess.com"]
[Source "ChessBase"]
[SourceQuality "1"]
[TimeControl "40/5400+30:1800+30"]

1. d4 Nf6 2. c4 e6 3. g3 Bb4+ 4. Bd2 c5 5. Bxb4 cxb4 6. Bg2 d5 7. Nd2 O-O 8. Ngf3 Nc6 9. Qc2 {[%emt 0:00:00] E11: Bogo-Indian.} a5 10. O-O Bd7 {[%emt 0:07:56] [#]} 11. Rac1 $146 {[%emt 0:00:00] White is slightly better.} ({Predecessor:} 11. e4 dxc4 12. Nxc4 Rc8 13. Qd3 b5 14. Ne3 Qe7 15. Rfe1 Rfd8 16. Rad1 b3 17. e5 bxa2 18. exf6 Qxf6 {1-0 (43) Boehnke,M (2125)-Dewenter,U (2120) Germany 2017}) 11... Rc8 12. Qd3 b6 13. Rfd1 Qe7 14. Ne5 Rfd8 15. Nxd7 Qxd7 16. e3 g6 17. cxd5 exd5 (17... Nxd5 $14 18. Nc4 Qc7) 18. Qb5 $16 Qb7 {[#]} 19. Nc4 $1 Rb8 20. Ne5 $1 Na7 21. Qe2 Rbc8 22. h4 (22. Qf3 {with more complications.} Kg7 23. g4 Nc6 24. Qf4) 22... Rxc1 (22... Nc6 $142) 23. Rxc1 Rc8 24. Rxc8+ Nxc8 25. g4 Nd6 26. g5 Nfe4 27. Qg4 Qe7 28. f3 (28. Bxe4 $16 dxe4 29. Kg2) 28... Nd2 $14 29. Qf4 $1 N2c4 30. Ng4 Nf5 31. h5 $36 {[%mdl 2048] White has good play.} (31. b3 {keeps more tension.} Ncxe3 32. Nf6+ Kg7 33. Qb8) 31... Qd6 {Inhibits Qb8+.} (31... Ncxe3 32. Nf6+) (31... Nfxe3 32. Qb8+ Qf8 33. Nf6+ Kg7 34. h6+ Kh8 35. Qxf8#) 32. Qxd6 Nfxd6 {[%mdl 4096] Endgame KBN-KNN} 33. b3 $1 gxh5 34. Nf6+ (34. bxc4 hxg4 35. c5 bxc5 36. dxc5 Ne8 37. fxg4 Nc7 $17) 34... Kf8 (34... Kg7 $14) 35. Nxd5 (35. bxc4 dxc4 36. f4 (36. Nxh5 $2 b3 $19) (36. Nxh7+ $2 Kg7 $19) 36... a4 $19) 35... Na3 (35... Nb2 $142) 36. Nxb6 Nab5 37. d5 Nc3 38. e4 Nxa2 39. e5 ({White should play} 39. Nd7+ $16 Ke8 40. Nc5) 39... Nb5 40. d6 {Black must now prevent f4.} Nac3 $2 ({Black should try} 40... Nc1 $11) 41. Kf2 $16 {Hoping for Ke3.} Nd4 42. Bh3 ({White has to play} 42. f4 $1 $16) 42... Ke8 $11 (42... Nxb3 $2 43. d7 Ke7 44. Nc8+ Kd8 45. Nd6 Nd1+ 46. Ke1 $18) 43. f4 ({Don't play} 43. Bd7+ Kd8 44. Ke3 Nxb3 $17) 43... Nxb3 {Strongly threatening ...Nc5. Pair of Knights!} 44. f5 (44. Ke3 $5 ) 44... a4 (44... Nc5 $5 45. Bg2 a4 46. Bc6+ Kd8 $15) 45. Ke3 {[%cal Og5g6] g6! is the strong threat.} Nc5 (45... a3 46. d7+ Kd8 47. e6 fxe6 48. g6 hxg6 49. fxg6 $18) 46. Kd4 $2 {[%mdl 8192] [#] This move loses the game for White.} (46. Bg2 $11 a3 47. Bc6+ Kd8 48. e6 Nxe6 49. fxe6 fxe6 50. Nd7 Nd5+ 51. Kd2) 46... a3 $1 $19 47. g6 {[#]} (47. Kxc5 a2) 47... hxg6 $1 48. fxg6 {[#]} (48. Kc4 a2) 48... fxg6 $1 49. Kxc5 (49. e6 a2) 49... a2 50. Bd7+ {[#]} Kf8 $1 (50... Kd8 {is a self mate.} 51. e6 Ne4+ 52. Kc6 Nxd6 53. Kxd6 a1=Q 54. e7#) 51. e6 Ne4+ 52. Kc6 a1=Q (52... Nxd6 $2 53. Kxd6 Kg7 54. e7 $18) 53. e7+ Kg7 54. Be6 Qe5 {[%csl LRd6,LRe6] ( -> ...Qc5+)} 55. e8=N+ Kh6 {Weighted Error Value: White=0.83/Black=0.13 (very precise)} 0-1

[Event "German Bundesliga 2021-22"]
[Site "Germany"]
[Date "2022.04.10"]
[Round "4.4"]
[White "Ernst, Sipke"]
[Black "Bruedigam, Martin"]
[Result "1/2-1/2"]
[ECO "D37"]
[WhiteElo "2532"]
[BlackElo "2386"]
[Annotator "TA"]
[PlyCount "135"]
[EventDate "2022.03.05"]
[EventType "team-tourn"]
[EventCountry "GER"]
[SourceTitle "playchess.com"]
[Source "ChessBase"]
[SourceQuality "1"]
[TimeControl "40/5400+30:1800+30"]

1. d4 Nf6 2. c4 e6 3. Nc3 d5 4. Nf3 Be7 5. g3 O-O 6. Bg2 b6 {[%emt 0:00:00] E06: Closed Catalan: Early deviations.} 7. cxd5 exd5 8. Ne5 Bb7 9. Qb3 c6 10. O-O Nbd7 11. e4 dxe4 (11... Nxe5 {is interesting.} 12. dxe5 Nxe4 13. Nxe4 dxe4 14. Bxe4 Qc8) 12. Nxe4 (12. Rd1 {feels hotter.} Qc7 13. Bf4 Bd6 14. Nxd7 Qxd7 15. Bxd6 Qxd6 16. Nxe4 Nxe4 17. Bxe4 Rfe8 18. Qc2) 12... Nxe5 13. dxe5 Nxe4 14. Bxe4 Qd4 15. Qc2 Qxe5 16. Bxh7+ Kh8 {[%emt 0:00:21] [#] ...g6 is the strong threat.} 17. Be4 $146 ({Predecessor:} 17. Bf4 Qc5 18. Qxc5 Bxc5 19. Be4 Bd4 20. Rab1 Rfe8 21. Bf3 Re7 22. Rfd1 c5 23. Bxb7 Rxb7 {½-½ (47) Crespo Villalba,I (1921)-Benitez Cadenas,L (1698) Madrid 2013}) 17... Bf6 18. Rb1 ({But not} 18. Bxc6 $2 Rac8 19. Bf4 Qe6 $19) 18... Rfe8 19. f3 Qd4+ 20. Kg2 Qd7 21. b4 {[%emt 0:21:22] Against c5} c5 {[%emt 0:07:04][%cal Oe8e4] aiming for ...Rxe4!} 22. Bxb7 Qxb7 23. Bb2 Qa6 24. Rf2 {[%emt 0:00:39] Prevents Re2.} Bxb2 25. Rxb2 Re5 26. bxc5 Rxc5 27. Qe4 Rac8 28. Rbd2 Qc4 29. Rd4 (29. Rd7 $1 $14) 29... Qc1 $11 {[%emt 0:04:00] The position is equal.} 30. Rfd2 {[%emt 0:08:10] White threatens Rd8+ and mate.} g6 $1 (30... Rc2 $2 {[#]} 31. Rd8+ $3 Rxd8 32. Qh4+ Kg8 33. Qxd8+ Kh7 34. Qd3+ g6 35. Rxc2 $18) 31. Qe2 Kg7 32. h4 Rc2 33. h5 Rxd2 34. Rxd2 {[%emt 0:00:04][%mdl 4096] Endgame [#] KQR-KQR} Re8 $1 35. Qf2 Qe1 36. Qd4+ Qe5 37. hxg6 Qxd4 38. Rxd4 {[%emt 0:00:03] Black must now prevent gxf7.} Kxg6 {[%emt 0:01:12] KR-KR} 39. a4 Re2+ 40. Kh3 Ra2 41. Kg4 Kf6 42. Rf4+ Kg6 43. Rc4 Rd2 44. f4 Rd5 45. Rb4 Rc5 46. Rd4 f6 47. Rb4 Rd5 48. Rc4 b5 49. axb5 Rxb5 50. Rc6 Ra5 51. Rc7 a6 52. Rc6 Ra4 53. Rb6 Ra5 54. Rd6 Ra4 55. Rd5 Ra1 56. Rc5 Ra4 57. Kh4 Kh6 58. Rc6 Kg6 59. Rb6 Ra1 60. g4 {[%emt 0:00:00] Threatens to win with g5.} Kg7 61. f5 Rh1+ 62. Kg3 a5 63. Rb7+ Kg8 64. Ra7 Ra1 65. Ra8+ Kg7 66. Ra7+ Kg8 67. Ra8+ Kg7 68. Ra7+ {[%emt 0:00:00] Weighted Error Value: White=0.03 (flawless) /Black=0.02 (flawless)} 1/2-1/2

[Event "German Bundesliga 2021-22"]
[Site "Germany"]
[Date "2022.04.10"]
[Round "4.5"]
[White "Berchtenbreiter, Maximilian"]
[Black "Fedorchuk, Sergey A."]
[Result "0-1"]
[ECO "B22"]
[WhiteElo "2506"]
[BlackElo "2605"]
[Annotator "TA"]
[PlyCount "110"]
[EventDate "2022.03.05"]
[EventType "team-tourn"]
[EventCountry "GER"]
[SourceTitle "playchess.com"]
[Source "ChessBase"]
[SourceQuality "1"]
[TimeControl "40/5400+30:1800+30"]

1. e4 c5 2. Nf3 Nc6 3. c3 d5 4. exd5 Qxd5 5. d4 e6 6. Na3 Nf6 7. Nb5 Qd8 8. dxc5 Bxc5 9. Qxd8+ Kxd8 10. b4 {[%emt 0:00:00] B22: Sicilian: 2 c3.} Be7 {[%emt 0:20:49] [#]} 11. a4 $146 ({Predecessor:} 11. Bg5 Bd7 12. O-O-O Rc8 13. Kb2 a6 14. Nd6 Bxd6 15. Rxd6 Ke7 16. Rd1 Rhd8 17. Bd3 h6 {½-½ (65) Oberoi,S (2199)-Griffith,K (2372) Charlotte 2021}) 11... Bd7 12. Be2 {[%emt 0:00:00] The position is equal.} a6 13. Na3 Nd5 14. Bd2 f6 15. O-O g5 16. Nc4 Kc7 17. b5 Nd8 {[%emt 0:12:52] [#]} 18. Rab1 ({White should try} 18. bxa6 $1 $16 bxa6 19. Nd4) 18... axb5 $11 19. axb5 e5 20. Rfd1 Be6 21. Ne3 Nxe3 22. Bxe3 b6 23. Nd2 Nb7 24. Bc4 Bf5 25. Ra1 Rxa1 (25... Rhd8 {is more complex.} 26. Ra6 Nc5 27. Raa1 Bc2) 26. Rxa1 Rd8 {[%emt 0:00:02] Against Bd5} 27. Kf1 Bc5 28. Ke2 (28. Bxc5 $11 {keeps the balance.} Nxc5 29. Ke2) 28... Na5 $17 {[%emt 0:00:17] Black continues to play with concentration.} 29. Bf7 Bd3+ 30. Ke1 {[%emt 0:00:21] Black must now prevent Bxc5.} Bxe3 {[%emt 0:00:21] &Nero is more active.} 31. fxe3 Bxb5 32. e4 {[%emt 0:00:45] [#]} (32. c4 $17 {was called for.} Bc6 33. Bd5) 32... Rd3 $1 $19 {[%emt 0:00:49] Strongly threatening ...Re3+.} 33. c4 Bc6 {[%emt 0:01:17][%cal Od3d2] Hoping for ...Rxd2!} 34. c5 {[%emt 0:00:03] [#]} Bxe4 $1 35. Nxe4 Re3+ 36. Kf2 Rxe4 {[%emt 0:00:04][%mdl 4096] Endgame KRB-KRN} 37. g3 Nc6 38. Bd5 Rb4 39. Ra6 (39. cxb6+ {was worth a try.} Rxb6 40. g4) 39... Rb5 40. Bxc6 $2 (40. cxb6+ {is more resistant.} Rxb6 41. Rxb6 Kxb6 42. g4) 40... Kxc6 41. cxb6 Rxb6 {[%emt 0:30:10] KR-KR} 42. Ra7 h5 43. Rh7 Kd5 44. Rxh5 Ke4 {[%emt 0:00:00] And now ...Rb2+ would win.} 45. h4 Rb2+ {[%emt 0:00:00] Black mates.} 46. Ke1 Ke3 47. Kd1 Rd2+ 48. Kc1 Rh2 49. Rh6 gxh4 50. gxh4 f5 51. Rh5 Ke4 52. Kd1 f4 53. Ke1 f3 54. Kf1 Kf4 55. Rh8 Ke3 {[%emt 0:00:00] Weighted Error Value: White=0.42/Black=0.06 (flawless)} 0-1

[Event "German Bundesliga 2021-22"]
[Site "Germany"]
[Date "2022.04.10"]
[Round "4.5"]
[White "Stankovic, Milos"]
[Black "Novikov, Igor"]
[Result "1/2-1/2"]
[ECO "B23"]
[WhiteElo "2412"]
[BlackElo "2551"]
[Annotator "TA"]
[PlyCount "51"]
[EventDate "2022.03.05"]
[EventType "team-tourn"]
[EventCountry "GER"]
[SourceTitle "playchess.com"]
[Source "ChessBase"]
[SourceQuality "1"]
[TimeControl "40/5400+30:1800+30"]

1. e4 c5 2. Nc3 d6 3. Bb5+ Bd7 4. Bxd7+ Qxd7 5. d4 cxd4 $1 6. Qxd4 {[%emt 0:00:00] B23: Closed Sicilian: Lines without g3.} Nc6 7. Qd3 g6 8. Nf3 Bg7 9. O-O Nf6 10. Nd5 O-O 11. Bg5 Nh5 12. c3 {[%emt 0:00:30] [#]} e6 $146 ({Predecessor:} 12... h6 13. Be3 Kh7 14. Rfd1 Rac8 15. h3 Nf6 16. a4 Qe6 17. a5 Rfd8 18. Ra4 Nd7 {0-1 (61) Jones,G (2657)-Grischuk,A (2773) Chess.com INT 2021}) 13. Ne3 f6 (13... h6 $5 14. Bh4 f5 $11) 14. Bh4 Rfd8 15. Rad1 Qe7 16. Nd4 Nf4 {[%emt 0:00:30] [#]} 17. Nxc6 $1 bxc6 18. Qc4 Rac8 19. Qd3 $2 Ra8 $2 (19... Nxd3 $19 20. Rxd3 g5) 20. Qc4 Rac8 21. Bg3 d5 22. exd5 Nxd5 23. Nc2 {[%emt 0:03:26] The position is equal.} Qf7 24. Rfe1 Bf8 25. Qa6 e5 26. a3 {[%emt 0:01:26] Weighted Error Value: White=0.51/Black=0.34} 1/2-1/2

[Event "German Bundesliga 2021-22"]
[Site "Germany"]
[Date "2022.04.10"]
[Round "4.5"]
[White "Mueller, Nick"]
[Black "Svane, Frederik"]
[Result "0-1"]
[ECO "E32"]
[WhiteElo "2375"]
[BlackElo "2496"]
[Annotator "TA"]
[PlyCount "80"]
[EventDate "2022.03.05"]
[EventType "team-tourn"]
[EventCountry "GER"]
[SourceTitle "playchess.com"]
[Source "ChessBase"]
[SourceQuality "1"]
[TimeControl "40/5400+30:1800+30"]

1. d4 Nf6 2. c4 e6 3. Nc3 Bb4 4. Qc2 O-O 5. Nf3 c5 6. dxc5 Na6 7. g3 Nxc5 8. Bg2 Nfe4 {[%emt 0:00:00] E39: Nimzo-Indian: Classical: 4...c5 5 dxc5 0-0.} 9. O-O (9. Bd2 $5 Bxc3 10. Bxc3 $11) 9... Bxc3 10. bxc3 b6 $1 {[%emt 0:00:00][%mdl 4] The position is equal. is now more promising than 10...d6.} 11. Ng5 d5 12. Nxe4 dxe4 {[%emt 0:00:00] [#]} 13. Be3 $146 ({Predecessor:} 13. Bxe4 Nxe4 14. Qxe4 Ba6 15. Ba3 Re8 16. c5 Qd2 17. Rfe1 Qxc3 18. Bb4 Qc4 19. Qxc4 Bxc4 20. cxb6 axb6 {½-½ (34) Yu,Y (2738)-Rapport,R (2735) Danzhou 2019}) 13... f5 14. f3 exf3 15. Bxf3 Rb8 16. Bxc5 bxc5 17. Qa4 Qc7 18. Rad1 Rb2 19. Rd3 e5 {[%emt 0:11:49] aiming for ...e4.} 20. Qa3 Qb6 {[%emt 0:27:59] Threatens to win with ...e4.} 21. Rfd1 (21. Rd6 $11 Qxd6 22. Bd5+ Kh8 23. Qxb2) 21... Rb1 (21... e4 $17 22. Rd6 Rb1 $1) 22. Bd5+ $11 Kh8 {[%emt 0:00:04] ...e4 is the strong threat.} 23. Rxb1 Qxb1+ 24. Kg2 Qb6 25. Rf3 ({White should play} 25. Qb3 $11) 25... f4 $15 26. Rf2 g5 (26... Bf5 $5 27. Kg1 Rb8 $17) 27. e3 Bg4 {[%emt 0:04:02][%cal Of4f3] ( -> ...f3+!)} 28. Qc1 Qf6 {[%emt 0:03:57] &Nero is more active.} ({Black should try} 28... e4 $17 {And now ...Bf3+ would win.} 29. Kg1 Bf3) 29. h3 Bc8 30. exf4 gxf4 {[%emt 0:00:04] Black wants to play ...Qh6.} 31. gxf4 exf4 32. Rf3 Bf5 33. Kh2 Bg6 $36 {[%emt 0:00:13][%mdl 2048] Black has the initiative.} 34. Qg1 Bh5 35. Rf2 Qe5 ({Don't do} 35... Qxc3 36. Rg2 Bg6 37. Qxc5 $14) 36. h4 {[%emt 0:01:47] [#]} (36. Rb2 $15) 36... Bg6 ({Don't play} 36... Qxc3 $6 37. Qg5 (37. Rg2 Bg6 $11) 37... Bg6 38. Rxf4 Qd2+ 39. Kg3 Qe1+ 40. Kh2 Qd2+ 41. Kg3 Qe3+ 42. Bf3 Qe1+ 43. Kh3 Qf1+ 44. Kh2 Qf2+ 45. Kh3 Qf1+ 46. Kh2 Qf2+ 47. Kh3 Qf1+ $11) (36... h6 $1 $17 37. Rf1 f3+ 38. Kh1 Qe2) 37. Rf3 Rb8 (37... Qe7 $15 {deserves consideration.} 38. Qg5 Qd6) 38. Qxc5 $2 (38. Rf2 $11) 38... Rb2+ {[%emt 0:01:02] Black mates.} 39. Kg1 Qe1+ 40. Rf1 Qg3+ {[%emt 0:00:03] Weighted Error Value: White=0.38/Black=0.20 (precise)} 0-1

[Event "German Bundesliga 2021-22"]
[Site "Germany"]
[Date "2022.04.10"]
[Round "4.5"]
[White "Klein, Felix"]
[Black "Zilka, Stepan"]
[Result "1/2-1/2"]
[ECO "D45"]
[WhiteElo "2288"]
[BlackElo "2599"]
[Annotator "TA"]
[PlyCount "42"]
[EventDate "2022.03.05"]
[EventType "team-tourn"]
[EventCountry "GER"]
[SourceTitle "playchess.com"]
[Source "ChessBase"]
[SourceQuality "1"]
[TimeControl "40/5400+30:1800+30"]

1. d4 d5 2. c4 e6 3. Nf3 Nf6 4. Nc3 c6 5. e3 Nbd7 6. Qc2 Bd6 7. Bd3 O-O 8. O-O h6 9. b3 b6 10. Bb2 {[%emt 0:00:20] D46: Semi-Slav: 5 e3 Nbd7 6 Bd3, Black avoids the Meran.} Bb7 11. Rad1 Qe7 12. e4 {[%emt 0:03:27] The position is equal.} dxe4 13. Nxe4 Nxe4 14. Bxe4 Nf6 15. Bd3 Ba3 {[%emt 0:03:48] [#]} 16. Ba1 $146 ({Predecessor:} 16. Rfe1 Bxb2 17. Qxb2 Rfd8 18. Qc3 Qa3 19. Ne5 c5 20. dxc5 Qxc5 21. Bc2 a5 22. Qg3 {½-½ (30) Kuuse,K (1990)-Van Tricht,M (2350) ICCF email 2016}) 16... Bb4 17. Qe2 Rad8 18. Bb1 Rfe8 19. Ne5 c5 20. Nd3 $1 Ba3 21. dxc5 Bxc5 {[%emt 0:01:42] Weighted Error Value: White=0.03 (flawless) /Black=0.10 (very precise)} 1/2-1/2

[Event "German Bundesliga 2021-22"]
[Site "Germany"]
[Date "2022.04.10"]
[Round "4.6"]
[White "Dautov, Rustem"]
[Black "Begnis, Nikolaos"]
[Result "1-0"]
[ECO "E65"]
[WhiteElo "2596"]
[BlackElo "2278"]
[Annotator "TA"]
[PlyCount "133"]
[EventDate "2022.03.05"]
[EventType "team-tourn"]
[EventCountry "GER"]
[SourceTitle "playchess.com"]
[Source "ChessBase"]
[SourceQuality "1"]
[TimeControl "40/5400+30:1800+30"]

1. d4 Nf6 2. Nf3 g6 3. c4 Bg7 4. g3 O-O 5. Bg2 d6 6. Nc3 c5 7. O-O Nc6 8. dxc5 dxc5 9. Bf4 Be6 10. Ne5 Nxe5 11. Bxe5 Nd7 {[%emt 0:24:02] 11...Qb6 is the hot move. E65: King's Indian: Fianchetto: 6...c5 7 0-0 without d5 by White.} 12. Bxg7 {[%emt 0:19:33] &Bianco is more active.} Kxg7 13. b3 Qc7 {[%emt 0:09:31] [#] White is slightly better.} 14. f4 $146 ({Predecessor:} 14. Qd3 Nf6 15. Rfd1 a6 16. Nd5 Bxd5 17. cxd5 Rad8 18. Rac1 Qa5 19. Qc2 b6 20. e4 {1-0 (39) Bok,B (2619)-Matamoros Franco,C (2486) Chess.com INT 2021}) 14... Nf6 15. e4 Rad8 16. Qf3 (16. Qe2 $16) 16... Rd2 $14 17. e5 Ng4 18. Nd5 Qa5 {[%emt 0:03:23] Strongly threatening ...Rd8.} 19. Nxe7 Rfd8 20. f5 {[%emt 0:15:29] Dancing on a razor blade.} gxf5 21. Kh1 $2 {[%emt 0:03:44][%mdl 8192] [#]} (21. Nxf5+ Bxf5 22. Bh3 (22. Qxf5 $2 Rxg2+ 23. Kh1 Rxh2+ 24. Kg1 Rg2+ 25. Kh1 Rxg3 $19) 22... Rc2 $1 $17) (21. Bh3 $1 $11 {and White stays safe.} Nxh2 22. Nxf5+ Kh8 23. Qf4 Nxf1 24. Qh6 Bxf5 25. Bxf5) 21... Rxg2 $1 $19 22. Kxg2 (22. Qxg2 Rd2 23. Qf3 (23. Qxb7 Rxh2+ 24. Kg1 Qc3 25. Nxf5+ Bxf5 26. Qf3 Qd4+) 23... Qd8 $19) (22. Nxf5+ {only move.} Bxf5 23. Qxf5 Rxh2+ 24. Kg1 Rg2+ 25. Kh1 Rh2+ 26. Kg1 Rg2+ 27. Kh1 Rxg3 28. Rf4) 22... Qd2+ 23. Rf2 Nxf2 24. Qxf2 Qc3 (24... Kf8 25. Nd5 Bxd5+ 26. cxd5 Qxd5+ 27. Kg1) 25. Re1 ({But not} 25. Nxf5+ $2 Kf8 26. Qxc5+ Kg8 $19) 25... Rd2 26. Re2 Rxe2 27. Qxe2 f4 ({Better is} 27... Qd4 $17 28. Nd5 Bxd5+ 29. cxd5 Qxd5+ 30. Kf2 Kg6) 28. Nd5 Bxd5+ 29. cxd5 $11 {[%emt 0:00:09][%mdl 4096] Endgame KQ-KQ} f3+ 30. Qxf3 Qxe5 31. Qd3 Qd6 32. a4 Kf8 33. h4 h6 34. Qf5 b6 35. g4 a6 36. g5 hxg5 37. h5 b5 (37... g4 38. Qg5 f6 39. Qf5 $18) 38. axb5 axb5 39. Qxg5 f6 40. Qh6+ Ke8 41. Qg6+ Kf8 42. Qf5 {[%emt 0:00:00] Hoping for h6.} Kg7 43. Kf3 {[%emt 0:00:00] Qe6 is the strong threat.} c4 $1 44. bxc4 ({Much less strong is} 44. Qg4+ $6 Kf8 $16) 44... bxc4 45. Qg4+ Kf8 46. Qxc4 {[%emt 0:00:00] Threatens to win with h6.} Qa3+ $2 {[%emt 0:00:57][%mdl 8192] [#]} (46... Qe5 $11) 47. Kg4 $2 (47. Ke4 $1 $18 Qe7+ 48. Kd4 (48. Kf3 Qe5 $14) 48... Qe5+ 49. Kc5) 47... f5+ $2 (47... Qe3 $11) 48. Kxf5 $18 Qf3+ 49. Kg5 Qg2+ 50. Kf5 Qf3+ 51. Ke5 Qxh5+ 52. Kd6 Qh6+ $4 (52... Qg6+ 53. Kc7 Qf7+ 54. Kb6 Qd7) 53. Kc7 Qh7+ 54. Kb6 Qb1+ $4 (54... Qd7 55. Qc6 Ke7) 55. Qb5 {[%emt 0:00:58] White mates.} Qg6+ 56. Qc6 Qb1+ 57. Kc7 Qa2 58. d6 Qh2 59. Kc8 Qh8 60. Qc7 Qa1 61. Qc6 Qh8 62. Qf3+ Ke8 63. Qb7 Qc3+ 64. Qc7 Qh3+ 65. d7+ Ke7 66. Qe5+ Kf7 67. Kc7 {[%emt 0:00:18] Both players deserved the win here.  Weighted Error Value: White=0.29 (precise) /Black=0.27 (precise)} 1-0

[Event "German Bundesliga 2021-22"]
[Site "Germany"]
[Date "2022.04.10"]
[Round "4.6"]
[White "Braun, Arik"]
[Black "Froewis, Georg"]
[Result "1-0"]
[ECO "D45"]
[WhiteElo "2587"]
[BlackElo "2449"]
[Annotator "TA"]
[PlyCount "85"]
[EventDate "2022.03.05"]
[EventType "team-tourn"]
[EventCountry "GER"]
[SourceTitle "playchess.com"]
[Source "ChessBase"]
[SourceQuality "1"]
[TimeControl "40/5400+30:1800+30"]

1. d4 d5 2. c4 e6 3. Nc3 c6 4. e3 Nf6 5. Nf3 Nbd7 6. Qc2 Bd6 7. b3 O-O 8. Be2 b6 9. O-O Bb7 10. Rd1 Qe7 11. Bb2 Rfe8 {[%emt 0:02:45] 11...Rfd8 is a critical line.} 12. Rac1 Rac8 13. Qb1 {[%emt 0:03:38] D45: Semi-Slav: 5 e3.} c5 14. cxd5 exd5 15. g3 {[%emt 0:00:39] The position is equal.} a6 {[%emt 0:01:47] [#]} 16. Nh4 $146 ({Predecessor:} 16. a4 Nf8 17. Bf1 Ne6 18. Bg2 Red8 19. dxc5 bxc5 20. Nh4 Bb8 21. Nf5 Qf8 22. a5 {½-½ (46) Maiorov,N (2463)-Drygalov,A (2509) Cheliabinsk 2021}) 16... g6 {[%emt 0:01:31] Against Nf5} 17. dxc5 Nxc5 18. Bf3 Nce4 {[%emt 0:14:20] [#]} (18... Rcd8 $11) 19. Ne2 (19. Nxd5 $1 $16 Bxd5 20. Rxc8 Rxc8 21. Bxf6 Nxf6 22. Bxd5) 19... Bc5 $11 20. Nd4 Bb4 (20... Nxf2 21. Kxf2 Qxe3+ 22. Kg2 $16) 21. Rxc8 Rxc8 22. Rc1 Nd2 (22... Rc5 $11) 23. Rxc8+ $14 Bxc8 24. Qc2 Nxf3+ 25. Ndxf3 (25. Nhxf3 $5 Qc5 26. Qd1 $11) 25... Bh3 (25... Bb7 $1 $11 {keeps the balance.}) 26. Qc6 $16 Qe4 {[%emt 0:03:46][%cal Oe4d3] Hoping for ...Qd3!} 27. Qc1 $36 {[%emt 0:00:20][%mdl 2048] Threatens to win with Ng5. White is in control.} Qe7 28. a3 Bd6 29. Qc3 $1 Kg7 {[%emt 0:05:25] [#]} 30. b4 $1 h6 31. Nd4 Kh7 32. Ne2 {[%emt 0:02:46] Pair of Knights!} Kg7 (32... g5 $14) 33. Qd4 (33. Ng2 $18 {And now Ngf4 would win.} g5 34. f3) 33... g5 34. Nf3 Kg6 35. Qxb6 Qe4 36. Qd4 {[%emt 0:05:22] Chess con chili.} ({But not} 36. Qxd6 $2 Qb1+ 37. Nc1 (37. Bc1 Qc2 38. Bd2 Qd1+ 39. Be1 Qxe2) 37... Qxb2 $19) 36... Qb1+ (36... Qxd4 $16 {was worth a try.} 37. Nfxd4 (37. Nexd4 Bd7 $16) 37... Bd7) 37. Nc1 $18 Qf5 38. Nd2 Be7 39. Nd3 Ne4 40. Nxe4 dxe4 {[%emt 0:00:08] [#]} 41. Ne5+ Kh7 $2 (41... Kg7 $16) 42. Nc6 f6 {[%emt 0:00:00][%cal Of5f3] ( -> ...Qf3!)} 43. Qa7 {[%emt 0:00:00] Weighted Error Value: White=0.12 (very precise) /Black=0.38} (43. Nxe7 {is a self mate.} Qf3) 1-0

[Event "German Bundesliga 2021-22"]
[Site "Germany"]
[Date "2022.04.10"]
[Round "4.6"]
[White "Heinemann, Thies"]
[Black "Von Herman, Ulf"]
[Result "1-0"]
[ECO "C00"]
[WhiteElo "2495"]
[BlackElo "2349"]
[Annotator "TA"]
[PlyCount "75"]
[EventDate "2022.03.05"]
[EventType "team-tourn"]
[EventCountry "GER"]
[SourceTitle "playchess.com"]
[Source "ChessBase"]
[SourceQuality "1"]
[TimeControl "40/5400+30:1800+30"]

1. e4 e6 2. Qe2 d5 3. exd5 Qxd5 4. Nc3 Qd8 5. g3 Nc6 6. Nf3 {[%emt 0:00:00][%cal Od2d4] C00: French: Unusual White 2nd moves.} Nge7 {[%emt 0:00:01] [#]} 7. Bg2 $146 ({Predecessor:} 7. Bh3 Ng6 8. b3 Nb4 9. d4 Be7 10. Bb2 Nd5 11. O-O-O Nxc3 12. Bxc3 O-O 13. Bg2 {1-0 (56) Safranska,A (2153)-Leconte,M (2251) Saint Quentin 2015}) 7... Nf5 {[%emt 0:03:56] Prevents d4.} 8. b3 {[%emt 0:00:00] White is slightly better.} Be7 9. Bb2 Bf6 (9... O-O $11 {might be stronger.}) 10. O-O-O $14 Bd7 11. g4 Nfd4 12. Nxd4 Bxd4 13. f4 Qf6 14. Rdf1 (14. Nd5 $5 Bxb2+ 15. Kb1 $14) 14... O-O-O 15. h4 Qe7 16. Kb1 Kb8 17. Qc4 Qb4 18. Qd3 Ne7 19. a3 (19. Nd5 $5 Nxd5 20. Qxd4 $11 (20. Bxd4 Bc6 $11)) 19... Qb6 20. Qc4 Bc6 ({Better is} 20... h5 21. Nd5 Nxd5 22. Qxd4 (22. Bxd4 Bb5 $15) 22... Qxd4 23. Bxd4 hxg4) 21. Bxc6 $1 $11 Qxc6 22. Qxc6 Nxc6 23. f5 exf5 24. Rxf5 f6 25. Ne4 h6 26. d3 b6 27. Rhf1 (27. c3 $5 ) 27... Ne7 {[%emt 0:01:24] [#] Hoping for ...Bxb2.} 28. R5f3 Bxb2 29. Kxb2 h5 (29... Rd4 $11) 30. g5 $16 f5 {[%emt 0:00:46] [#]} 31. Ng3 {[%emt 0:01:18] &Bianco is more active.} Rd4 (31... g6 $142) 32. Re1 $36 {[%emt 0:01:08][%mdl 2048] Black is under strong pressure.} f4 33. Ne2 Rd7 34. Rxf4 (34. Nxf4 $18 Kb7 35. Rff1) 34... Ng6 35. Re4 Rf7 {[%emt 0:00:39] Inhibits Rf1.} (35... Rf8 $16 36. Ng3 Nf4 37. Re8+ Rxe8 38. Rxe8+ Kb7) 36. Nd4 $18 Kb7 37. b4 a6 38. a4 {[%emt 0:00:22] Weighted Error Value: White=0.11 (very precise) /Black=0.19 (very precise)} 1-0